 Dungeon Crawl Stone Soup version 0.24.0-35-gdb84b6a5db (webtiles) character file.

Game seed: 10298035360755940887, levelgen mode: deterministic

12049 Amplified the Basher (level 11, -17/64 HPs)
             Began as a Vine Stalker Summoner on Nov 20, 2019.
             Was a High Priest of Okawaru.
             Killed from afar by a frost giant (20 damage)
             ... with a bolt of cold
             ... on level 10 of the Dungeon.
             The game lasted 00:22:31 (10435 turns).

Amplified the Basher (Vine Stalker Summoner)       Turns: 10435, Time: 00:22:31

Health: -17/64     AC: 13    Str: 14    XL:     11   Next: 87%
Magic:  0/16       EV: 15    Int: 15    God:    Okawaru [*****.]
Gold:   545        SH:  0    Dex: 13    Spells: 13/14 levels left

rFire    x . .     SeeInvis +   j - +3 dire flail
rCold    + . .     Gourm    .   (shield currently unavailable)
rNeg     . . .     Faith    +   l - +0 ring mail
rPois    .         Spirit   +   (helmet restricted)
rElec    .         Reflect  .   u - +1 cloak
rCorr    .         Harm     .   n - +2 pair of gloves
MR       +....                  (no boots)
Stlth    +++.......             h - amulet of faith
HPRegen  0.60/turn              m - ring of see invisible
MPRegen  0.15/turn              f - ring of ice

@: heroism, finesse, hasted, very quick
A: antennae 1, fangs 3, rugged brown scales 1, blink, clumsy 1, regeneration 1,
wild magic 1, magic shield, antimagic bite, no potion heal 3, rot immunity
a: Blink, Heroism, Finesse, Renounce Religion


You were on level 10 of the Dungeon.
You worshipped Okawaru.
Okawaru was extremely pleased with you.
You were not hungry.

You visited 2 branches of the dungeon, and saw 12 of its levels.

You collected 545 gold pieces.

Inventory:

Hand Weapons
 d - the +6 dire flail of the Evening {venom, *Corrode rPois rN+ Int+4}
   (Okawaru gifted it to you on level 11 of the Dungeon)

   It poisons the flesh of those it strikes.
   It affects your intelligence (+4).
   It protects you from poison.
   It protects you from negative energy.
   It may corrode you when you take damage.
 j - a +3 dire flail (weapon)
Missiles
 e - 408 stones (quivered)
Armour
 l - a +0 ring mail (worn)
 n - a +2 pair of gloves (worn)
 u - a +1 cloak (worn)
Jewellery
 a - an uncursed ring of flight
 f - a ring of ice (right hand)
 h - an amulet of faith (around neck)
 m - a ring of see invisible (left hand)
 q - an uncursed amulet of regeneration
Wands
 k - a wand of polymorph (4)
 t - a wand of random effects (41)
Scrolls
 s - a scroll of remove curse
Potions
 b - 2 potions of ambrosia
 g - a potion of haste
 o - 2 potions of cancellation
 p - 2 potions of flight
Comestibles
 c - 14 rations


   Skills:
 + Level 9.7(14.7) Fighting
 * Level 11.6(16.6) Maces & Flails
 + Level 2.8(7.8) Armour
 - Level 3.5(8.5) Dodging
 - Level 2.9(7.9) Stealth
 - Level 2.1 Spellcasting
 - Level 4.0 Summonings
 - Level 6.1 Invocations


You had 13 spell levels left.
You knew the following spells:

 Your Spells              Type           Power        Failure   Level  Hunger
a - Summon Small Mammal   Summ           ###.         12%         1    #......

Your spell library contained the following spells:

 Spells                   Type           Power        Failure   Level  Hunger
 Call Imp                 Summ           ###.....     17%         2    ###....
 Call Canine Familiar     Summ           ###.....     32%         3    ###....
 Confusing Touch          Hex            #.....       47%         1    #......
 Summon Guardian Golem    Hex/Summ       #.......     56%         3    ###....
 Confuse                  Hex            #.......     83%         3    ###....
 Gell's Gravitas          Tloc           #.........   83%         3    ###....
 Summon Ice Beast         Ice/Summ       ##......     91%         4    #####..
 Summon Lightning Spire   Summ/Air       #.......     91%         4    #####..
 Petrify                  Tmut/Erth      #.......     99%         4    #####..
 Metabolic Englaciation   Hex/Ice        #.........   100%        5    ######.
 Yara's Violent Unravell  Hex/Tmut       #.........   100%        5    ######.


Dungeon Overview and Level Annotations

Branches:
Dungeon (11/15)            Temple (1/1) D:7            Lair (0/6) D:11
    Orc: D:9-12

Altars:
Ashenzari
Cheibriados
Dithmenos
Elyvilon
Fedhas
Gozag
Hepliaklqana
Kikubaaqudgha
Makhleb
Nemelex Xobeh
Okawaru
Qazlal
Ru
Sif Muna
Trog
Uskayaw
Vehumet
Wu Jian
Xom
Yredelemnul
Zin
The Shining One
Lugonu

Shops:
D:5 *   D:8 ?=%%

Portals:
Trove: D:10 (give 6 potions of agility)

Annotations:
D:2 Natasha
D:7 exclusion: oklob plant
D:10 Fannar


Innate Abilities, Weirdness & Mutations

You have razor-sharp teeth.
Your natural rate of healing is unusually fast.
When hurt, damage is shared between your health and your magic reserves.
Your bite disrupts and absorbs the magic of your enemies.
Potions cannot restore your health.
You are immune to rotting.
You have a pair of small antennae on your head.
You are partially covered in rugged brown scales. (AC +1, +3% HP)
You can translocate small distances at will.
You are clumsy. (Dex -2)
Your spells are a little harder to cast, but a little more powerful.


Message History

You bite the frost giant, but do no damage.
The frost giant is moderately wounded.
You hit the frost giant.
The frost giant is heavily wounded.
The frost giant hits you with a +2 battleaxe of freezing!!!
Ouch! That really hurt!
* * * LOW HITPOINT WARNING * * *
The frost giant freezes you!
* * * LOW HITPOINT WARNING * * *
Okay, then.
Okay, then.
You feel yourself speed up.
Unknown command.
Okay, then.
Okay, then.
Okay, then.
Okay, then.
The frost giant points at you and mumbles some strange words.
The bolt of cold hits you!! You resist.
You die...

#.##..###.#
#+#.. #.##.##
#.# ##
#.##†####.#
#.##.##.#.#
#.........###
####.....<..'
#C#...####
#.##.## #@####
#....# ####.#
#.# #.# #.#
##### #.#
#.###...###.##
#.....#.##...##
#####...#......
##.###....#


You could see a frost giant.

Vanquished Creatures
  A hydra (D:9)
  2 two-headed ogres
  Nergalle (D:10)
  An ugly thing (D:10)
  Psyche (D:8)
  A water nymph (D:10)
  A hornet (D:8)
  2 dream sheep (D:9)
  Sigmund (D:6)
  13 yaks
  Grum (D:10)
  A basilisk (D:9)
  2 hungry ghosts
  Edmund (D:6)
  A vampire mosquito (D:10)
  2 orc warriors
  2 sky beasts
  4 phantoms
  A black bear (D:9)
  7 ogres
  2 wolves (D:10)
  3 centaurs
  4 big kobolds (D:9)
  4 bullfrogs
  A scorpion (D:7)
  16 killer bees
  5 wights (D:9)
  3 bullfrog zombies
  5 crimson imps
  2 centaur zombies (D:11)
  A quasit (D:9)
  9 hounds
  A jelly (D:9)
  2 orc priests (D:8)
  Crazy Yiuf (D:6)
  4 centaur skeletons
  A gnoll shaman (D:4)
  6 worker ants
  11 orc wizards
  2 hound skeletons
  Robin (D:4)
  A howler monkey skeleton (D:7)
  A howler monkey zombie (D:5)
  3 gnolls (D:4)
  10 adders
  3 shadow imps
  An ooze (D:4)
  2 adder skeletons
  An adder zombie (D:8)
  4 dart slugs
  10 leopard geckos
  26 orcs
  5 bats
  6 giant cockroaches
  10 hobgoblins
  7 jackals
  3 quokkas
  3 ball pythons
  2 frilled lizards
  15 goblins
  A jackal skeleton (D:6)
  16 kobolds
  A leopard gecko skeleton (D:7)
  A quokka skeleton (D:6)
  5 rats
267 creatures vanquished.

Vanquished Creatures (collateral kills)
  An ooze (D:1)
  3 worms
  A kobold (D:1)
  2 bats (D:2)
  A rat (D:3)
8 creatures vanquished.

Grand Total: 275 creatures vanquished

Notes
Turn   | Place    | Note
-------+----------+-------------------------------------------
     0 | D:1      | Amplified the Vine Stalker Summoner began the quest for the
                  | Orb.
     0 | D:1      | Reached XP level 1. HP: 9/9 MP: 4/4
   336 | D:1      | Reached XP level 2. HP: 11/14 MP: 3/6
   507 | D:1      | Reached skill level 1 in Fighting
   580 | D:1      | Gained mutation: You are clumsy. (Dex -2) [potion of
                  | mutation]
   580 | D:1      | Gained mutation: Armour fits poorly on your strangely
                  | shaped body. [potion of mutation]
   580 | D:1      | Gained mutation: You are partially covered in rugged brown
                  | scales. (AC +1, +3% HP) [potion of mutation]
   580 | D:1      | Gained mutation: You are robust. (+10% HP) [potion of
                  | mutation]
   821 | D:1      | Reached XP level 3. HP: 7/20 MP: 4/7
  1412 | D:2      | HP: 1/20 [worm (9)]
  2023 | D:2      | Gained mutation: Your natural rate of healing is unusually
                  | fast. [Vine Stalker growth]
  2023 | D:2      | Reached XP level 4. HP: 12/25 MP: 8/8
  2155 | D:2      | Noticed Natasha
  2685 | D:3      | Found a sparkling altar of Nemelex Xobeh.
  3010 | D:3      | Found a white marble altar of Elyvilon.
  3165 | D:3      | Reached XP level 5. HP: 31/31 MP: 9/9
  3361 | D:4      | Found a shimmering altar of Xom.
  3437 | D:4      | Noticed Robin
  3687 | D:5      | Entered Level 5 of the Dungeon
  3738 | D:5      | Found a shimmering blue altar of Sif Muna.
  3740 | D:5      | Found a shattered altar of Ashenzari.
  3742 | D:5      | Found an iron altar of Okawaru.
  3743 | D:5      | Found a bloodstained altar of Trog.
  4032 | D:5      | Reached XP level 6. HP: 35/37 MP: 7/10
  4071 | D:5      | Lost mutation: Armour fits poorly on your strangely shaped
                  | body. [potion of mutation]
  4071 | D:5      | Lost mutation: You are clumsy. (Dex -2) [potion of
                  | mutation]
  4071 | D:5      | Lost mutation: You are robust. (+10% HP) [potion of
                  | mutation]
  4071 | D:5      | Gained mutation: Your spells are a little harder to cast,
                  | but a little more powerful. [potion of mutation]
  4071 | D:5      | Gained mutation: You are clumsy. (Dex -2) [potion of
                  | mutation]
  4071 | D:5      | Gained mutation: You can translocate small distances at
                  | will. [potion of mutation]
  4071 | D:5      | Gained mutation: You have a pair of small antennae on your
                  | head. [potion of mutation]
  4220 | D:5      | Found Juimo's Mass Market.
  4905 | D:6      | Found an ancient bone altar of Kikubaaqudgha.
  4974 | D:6      | Noticed Edmund
  4995 | D:6      | Killed Edmund
  5010 | D:6      | Reached skill level 5 in Fighting
  5010 | D:6      | Reached XP level 7. HP: 27/40 MP: 7/11
  5063 | D:6      | Noticed Sigmund
  5072 | D:6      | Killed Sigmund
  5072 | D:6      | Reached skill level 2 in Maces & Flails
  5144 | D:6      | Reached skill level 3 in Maces & Flails
  5176 | D:6      | Found a runed translucent door.
  5177 | D:6      | Noticed Crazy Yiuf
  5214 | D:6      | Killed Crazy Yiuf
  5294 | D:6      | Gained mutation: You have razor-sharp teeth. [Vine Stalker
                  | growth]
  5294 | D:6      | Reached XP level 8. HP: 34/45 MP: 10/12
  5721 | D:7      | Reached skill level 4 in Maces & Flails
  5759 | D:7      | Found a staircase to the Ecumenical Temple.
  5778 | Temple   | Entered the Ecumenical Temple
  5788 | Temple   | Reached skill level 5 in Maces & Flails
  5977 | D:7      | Found a blossoming altar of Fedhas.
  5992 | D:7      | Noticed an oklob plant
  6153 | D:7      | Reached skill level 6 in Maces & Flails
  6155 | D:7      | Found a shadowy altar of Dithmenos.
  6157 | D:7      | Found a radiant altar of Vehumet.
  6215 | D:7      | Reached XP level 9. HP: 45/50 MP: 11/13
  6357 | D:7      | Found a glowing silver altar of Zin.
  6523 | D:8      | Noticed a hornet
  6776 | D:4      | Found a glowing golden altar of the Shining One.
  6899 | D:4      | Killed Robin
  7049 | D:4      | Found an ornate altar of the Wu Jian Council.
  7156 | D:5      | Became a worshipper of Warmaster Okawaru
  7302 | D:8      | Reached skill level 7 in Maces & Flails
  7346 | D:8      | Reached skill level 1 in Invocations
  7354 | D:8      | Found Offaerph's Jewellery Emporium.
  7419 | D:8      | Noticed a two-headed ogre
  7512 | D:9      | Reached * piety under Okawaru
  7672 | D:9      | Noticed Erolcha
  7710 | D:9      | Reached skill level 8 in Maces & Flails
  7818 | D:9      | Found a sparkling altar of Nemelex Xobeh.
  7982 | D:9      | Reached ** piety under Okawaru
  8092 | D:9      | Reached XP level 10. HP: 50/57 MP: 12/14
  8119 | D:9      | Found a hazy altar of Hepliaklqana.
  8228 | D:8      | Noticed Psyche
  8238 | D:8      | Killed Psyche
  8493 | D:9      | Reached skill level 9 in Maces & Flails
  8505 | D:9      | Reached *** piety under Okawaru
  8538 | D:9      | Noticed a two-headed hydra
  8549 | D:9      | Killed a two-headed hydra
  8556 | D:9      | Reached **** piety under Okawaru
  8719 | D:9      | Found a burning altar of Makhleb.
  8741 | D:8      | Found Tuqo's Magic Scroll Shoppe.
  8744 | D:8      | Reached skill level 5 in Invocations
  8935 | D:9      | Noticed Erolcha
  8935 | D:9      | Erolcha changed into Erolcha the basilisk
  9056 | D:8      | Reached skill level 10 in Maces & Flails
  9101 | D:8      | Found Gede's Food Shoppe.
  9255 | D:9      | Killed Erolcha the basilisk
  9255 | D:9      | Reached XP level 11. HP: 46/61 MP: 12/16
  9313 | D:10     | Entered Level 10 of the Dungeon
  9544 | D:10     | Noticed a wolf spider
  9550 | D:10     | a wolf spider changed into a water nymph
  9713 | D:10     | Noticed Grum
  9716 | D:10     | Noticed Nergalle
  9725 | D:10     | Killed Nergalle
  9725 | D:10     | Reached ***** piety under Okawaru
  9729 | D:10     | Killed Grum
  9859 | D:10     | Noticed a two-headed ogre
  9879 | D:10     | Killed a two-headed ogre
  9890 | D:10     | Reached skill level 1 in Armour
  9952 | D:10     | You fall into a shaft and drop 1 floor!
 10016 | D:11     | Received a gift from Okawaru
 10016 | D:11     | Reached skill level 11 in Maces & Flails
 10023 | D:11     | Got a scorched dire flail {god gift}
 10029 | D:11     | Identified the +6 dire flail of the Evening {venom,
                  | *Corrode rPois rN+ Int+4} (Okawaru gifted it to you on
                  | level 11 of the Dungeon)
 10131 | D:10     | Found a portal to a secret trove of treasure.
 10131 | D:10     | Noticed Fannar
 10276 | D:8      | Killed a two-headed ogre
 10306 | D:8      | Found Bush's Food Boutique.
 10385 | D:10     | Noticed a purple ugly thing
 10390 | D:10     | Killed a purple ugly thing
 10420 | D:10     | Noticed a frost giant
 10431 | D:10     | HP: 1/64 [frost giant/+2 battleaxe of freezing (6)]
 10435 | D:10     | Killed from afar by a frost giant

Levels and vault maps discovered:
D:1:      lightli_arrival_quake, layout_loops_ring
D:2:      layout_rooms, uniq_natasha
D:3:      layout_basic, marbit_many_paths, first_ration,
          nemelex_lonely_heart_becter
D:4:      layout_cave_pools, kennysheep_little_box, kennysheep_mini_moat,
          tso_metal_star, uniq_robin
D:5:      layout_basic, minitemple, minmay_shop_mass, chequers_garden
D:6:      layout_loops_ring, lemuel_crystal_altar, uniq_sigmund,
          uniq_crazy_yiuf_cottage, uniq_edmund
D:7:      layout_basic, tgw_fedhas, chequers_temple_overflow_statue_of_worship,
          lemuel_coloured_pillars_altar, temple_doors_e, corner_web_ring
D:8:      layout_basic, serial_shops, shop, shop, nicolae_shop_statue_plus,
          nicolae_shop_stone, st_stairs_13, uniq_psyche
D:9:      layout_loops_cross, kennysheep_mini, nicolae_overflow_hidden_temple,
          nicolae_overflow_crystal_walls, hangedman_ranch
          [blue_anna_fruit_fields], uniq_erolcha
D:10:     minmay_chopped_fan, layout_loops_corners, enter_trove_2, uniq_grum,
          uniq_nergalle, uniq_joseph, uniq_fannar
D:11:     layout_cave_pools, lair_entry_dummy, serial_shops, shop, uniq_harold
Temple:   corrupted_temple

Skill      XL: |  1  2  3  4  5  6  7  8  9 10 11 |
---------------+----------------------------------+-----
Fighting       | 1 2 3 4 5 6 7 8 9 |  9.7
Dodging        | 2 3 |  3.5
Maces & Flails | 3 6 8 10 11 | 11.6
Invocations    | 3 5 6 |  6.1
Armour         | 2 |  2.8
Stealth        | |  2.9
Spellcasting   | |  2.1
Summonings     | |  4.0

Action                   |  1- 3 |  4- 6 |  7- 9 | 10-12 || total
-------------------------+-------+-------+-------+-------++-------
Melee: Unarmed           |   174 |       |       |       ||   174
       Bite              |    43 |    43 |    98 |    86 ||   270
       Hand axe          |     5 |   222 |     8 |       ||   235
       Flail             |       |       |   275 |       ||   275
       Dire flail        |       |       |   112 |   362 ||   474
Throw: Stone             |     3 |     3 |     3 |     3 ||    12
 Cast: Summon Small Mamm |    14 |     5 |       |       ||    19
Invok: Heroism           |       |       |     2 |    16 ||    18
       Finesse           |       |       |       |     2 ||     2
 Abil: Blink             |       |       |       |     3 ||     3
Evoke: Wand              |       |     4 |     5 |    15 ||    24
  Use: Potion            |     8 |     5 |     1 |     7 ||    21
       Scroll            |     3 |     8 |     6 |    10 ||    27
 Stab: Sleeping          |       |     3 |       |       ||     3
  Eat: Chunk             |     2 |     8 |    12 |     5 ||    27
       Ration            |     1 |       |     3 |       ||     4
Armor: Robe              |    34 |    17 |       |       ||    51
       Skin              |    14 |       |       |       ||    14
       Ring mail         |       |    54 |   183 |    82 ||   319
Dodge: Dodged            |   141 |   246 |   298 |   208 ||   893
